 Dungeon Crawl Stone Soup version 0.27.0-1-g7a089689b8 (webtiles) character file.

Game seed: 7803423178560183524

1463 Descartes the Covert (level 8, 0/39 HPs)
             Began as a Spriggan Delver on Aug 14, 2021.
             Was an Initiate of Dithmenos.
             Killed by nerve-wracking pain
             ... invoked by an orc priest
              (13 damage)
             ... on level 6 of the Dungeon.
             The game lasted 00:14:11 (6943 turns).

Descartes the Covert (Spriggan Delver)              Turns: 6943, Time: 00:14:12

Health: 0/39       AC:  6    Str: 16    XL:     8   Next: 48%
Magic:  9/9        EV: 22    Int: 12    God:    Dithmenos [......]
Gold:   195        SH:  0    Dex: 16    Spells: 0/7 levels left

rFire    . . .     SeeInvis +   b - +2 dagger (drain)
rCold    . . .     Faith    .   (shield restricted)
rNeg     . . .     Spirit   .   j - +3 robe of Clouds {+Thunder rCloud rElec}
rPois    .         Reflect  .   (helmet restricted)
rElec    +         Harm     .   u - +0 cloak
rCorr    .         Rampage  .   (gloves unavailable)
Will     +....                  (boots unavailable)
Stlth    +++++.....             (no amulet)
HPRegen  0.13/turn              v - ring of flight
MPRegen  0.11/turn              F - +6 ring of strength

@: flying, studying Armour, very quick
A: very small, no large weapons, unfitting armour, see invisible, speed 3
a: Renounce Religion, Evoke Thunderclouds


You were on level 6 of the Dungeon.
You worshipped Dithmenos.
Dithmenos was noncommittal.
You visited 1 branch of the dungeon, and saw 6 of its levels.

You collected 195 gold pieces.

Inventory:

Hand Weapons
 a - a +0 hunting sling
 b - a +2 dagger of draining (weapon)
Missiles
 i - 166 stones (quivered)
 n - 3 boomerangs
 o - 30 poisoned darts
 q - 109 arrows
 t - 74 bolts
 C - 32 sling bullets
Armour
 j - the +3 robe of Clouds (worn) {+Thunder rCloud rElec}
   (You found it on level 5 of the Dungeon)

   It can be evoked to surround the wearer with storm clouds, with success rate
   depending on Evocations skill.
   rElec:     It insulates you from electricity.
 u - a +0 cloak (worn)
Jewellery
 v - a ring of flight (left hand)
 D - a ring of magical power
 F - a +6 ring of strength (right hand)
Wands
 g - a wand of digging (6)
Scrolls
 c - a scroll of fog
 d - 2 scrolls of magic mapping
 e - a scroll of fear
 h - 2 scrolls of torment {unknown}
 l - 3 scrolls of enchant armour {unknown}
 m - a scroll of vulnerability {unknown}
 r - a scroll of enchant weapon {unknown}
 x - 3 scrolls of teleportation {unknown}
 y - a scroll of summoning {unknown}
 z - a scroll of immolation
 B - a scroll of amnesia
Potions
 f - 3 potions of haste
 k - 3 potions of might
 p - a potion of invisibility
 s - a potion of brilliance
 w - a potion of resistance {unknown}
 A - 2 potions of magic
 E - a potion of curing


   Skills:
 - Level 2.4 Fighting
 + Level 5.1 Short Blades
 + Level 8.5 Dodging
 + Level 11.7 Stealth
 + Level 1.1 Hexes
 - Level 5.0 Evocations


You couldn't memorise any spells.
You knew the following spells:

 Your Spells              Type           Power      Damage    Failure   Level
a - Foxfire               Conj/Fire      0%         2x1d4     32%         1
b - Invisibility          Hex            1%         N/A       100%        6

Your spell library contained the following spells:

 Spells                   Type           Power      Damage    Failure   Level
 Passwall                 Tmut/Erth      0%         N/A       45%         2
 Inner Flame              Hex/Fire       1%         N/A       63%         3
 Conjure Flame            Conj/Fire      0%         6-21      69%         3
 Swiftness                Air            0%         N/A       69%         3


Dungeon Overview and Level Annotations

Branches:
Dungeon (6/15)
 Temple: D:4-7

Altars:
Dithmenos
Zin

Shops:
D:2 :


Innate Abilities, Weirdness & Mutations

You are very small and have problems with some larger weapons.
You are too small for most types of armour.
You have supernaturally acute eyesight. (SInv)
You cover ground extremely quickly. (Speed+++)


Message History

Found 16 gold pieces.
The orc priest invokes the aid of Beogh against you.
Beogh smites you!
You hit the sky beast.
The sky beast is lightly wounded.
You closely miss the sky beast.
The sky beast is lightly wounded.
The sky beast completely misses you.
You hit the sky beast but do no damage.
The sky beast is lightly wounded.
The orc priest closely misses you. The sky beast closely misses you.
You hit the sky beast but do no damage.
The sky beast is lightly wounded.
The orc priest hits you with a +0 short sword.
The sky beast misses you.
You closely miss the orc priest.
Unknown command.
You hit the orc priest. You drain the orc priest.
The orc priest is moderately wounded.
The orc priest misses you. The sky beast closely misses you.
You barely miss the orc priest.
The orc priest is moderately wounded.
The orc priest calls down the wrath of Beogh upon you.
Beogh smites you! The sky beast misses you.
You hit the orc priest but do no damage.
The orc priest is moderately wounded.
The orc priest completely misses you.
You completely miss the orc priest.
The orc priest is moderately wounded.
The sky beast flickers out of sight for a moment.
The sky beast completely misses you.
You hit the orc priest.
The orc priest is heavily wounded.
The orc priest completely misses you.
The sky beast hits you but does no damage.
You hit the orc priest but do no damage.
The orc priest is heavily wounded.
The orc priest calls down the wrath of Beogh upon you.
Pain shoots through your body!
You die...

#.#.##.###....#
....#..#......####
.............##..#
.......# #....(..#
.......###.......##
.......[###[###...#
............###...#
.....<[.)[..##...####
...##.....###...@...#
...#............Yo..#
.................$.##
.....................
........>.###.#..##...
..........#.###..#
.##..
............#.#... ##
. ................##
.>..........##..#


You could see a sky beast (invisible) and an orc priest (drained).

Vanquished Creatures
  A hornet (D:5)
  An orc warrior (D:5)
  2 black bears
  3 scorpions
  A water moccasin zombie (D:5)
  A water moccasin skeleton (D:4)
  An electric eel (D:6)
  2 bullfrog zombies
  3 jellies
  2 hounds (D:5)
  A centaur skeleton (D:5)
  An orc priest (D:6)
  3 bullfrog skeletons
  Jessica (D:2)
  3 iguanas
  An orc wizard (D:6)
  A howler monkey zombie (D:4)
  7 adders
  4 gnolls (D:4)
  An ufetubus (D:4)
  A dart slug (D:3)
  8 orcs
  13 endoplasms
  6 giant cockroaches
  6 goblins
  9 hobgoblins
  4 jackals (D:3)
  3 quokkas
  8 ball pythons
  4 bats
  A frilled lizard (D:1)
  10 kobolds
  6 rats
119 creatures vanquished.

Notes
Turn   | Place    | Note
-------+----------+-------------------------------------------
     0 | D:5      | Descartes the Spriggan Delver began the quest for the Orb.
     0 | D:5      | Reached XP level 1. HP: 11/11 MP: 2/2
    47 | D:5      | Noticed a black bear
    81 | D:5      | Noticed a water moccasin zombie
    99 | D:5      | Killed a water moccasin zombie
   100 | D:5      | Reached skill level 8 in Stealth
   100 | D:5      | Reached XP level 2. HP: 5/16 MP: 3/3
   100 | D:5      | Reached XP level 3. HP: 6/19 MP: 4/4
   173 | D:5      | Found the +3 robe of Clouds {+Thunder rCloud rElec}
   215 | D:5      | Reached XP level 4. HP: 7/23 MP: 5/5
   459 | D:4      | Noticed a scorpion
   465 | D:4      | Killed a scorpion
   466 | D:4      | Reached skill level 5 in Dodging
   466 | D:4      | Reached skill level 9 in Stealth
   466 | D:4      | Reached XP level 5. HP: 27/27 MP: 6/6
   603 | D:4      | Reached skill level 1 in Evocations
  1800 | D:1      | Learned a level 1 spell: Foxfire
  2261 | D:1      | Found a faded altar of an unknown god.
  2503 | D:2      | Found Piboceg's Book Shop.
  2531 | D:2      | Reached XP level 6. HP: 32/32 MP: 7/7
  2628 | D:2      | Noticed Jessica
  2638 | D:2      | Killed Jessica
  3471 | D:3      | HP: 1/32 [poisoned by an orc]
  4848 | D:4      | Reached skill level 10 in Stealth
  5066 | D:4      | Found a glowing silver altar of Zin.
  5071 | D:4      | Found a shadowy altar of Dithmenos.
  5075 | D:4      | Became a worshipper of Dithmenos the Shadowed
  5390 | D:4      | Reached XP level 7. HP: 26/35 MP: 8/8
  5853 | D:5      | Noticed a hornet
  5860 | D:5      | Killed a hornet
  6023 | D:5      | Reached skill level 5 in Evocations
  6100 | D:5      | Reached skill level 11 in Stealth
  6100 | D:5      | Reached XP level 8. HP: 24/39 MP: 9/9
  6817 | D:6      | Learned a level 6 spell: Invisibility
  6840 | D:6      | Reached skill level 5 in Short Blades
  6913 | D:6      | Reached skill level 1 in Hexes
  6943 | D:6      | Killed from afar by an orc priest

Illustrated notes

Levels and vault maps discovered:
D:1:      saegor_arrival_simple_c, layout_loops_ring,
          shapermc_ecumenical_altar_mp_vishouse, minmay_vboxes
D:2:      layout_basic, serial_shops, shop, chequers_serial_rivers_micro_b,
          chequers_serial_rivers_micro_a, minmay_nonomino_d4, uniq_jessica
D:3:      layout_loops_ring
D:4:      layout_loops_ring, mainiacjoe_overflow_big_doors,
          minmay_misc_feat_doors, minmay_manual_mandibuliform
D:5:      layout_loops_ring
D:6:      layout_cave_pools, minmay_temple_entry_gardened_gates,
          nrook_pool_corridor

Skill      XL: |  1  2  3  4  5  6  7  8 |
---------------+-------------------------+-----
Dodging        | 4 5 6 7 8 |  8.5
Stealth        | 8 9 10 11 | 11.7
Evocations     | 2 3 5 |  5.0
Short Blades   | 4 5 |  5.1
Hexes          | 1 |  1.1
Fighting       | |  2.4

Action                   |  1- 3 |  4- 6 |  7- 9 || total
-------------------------+-------+-------+-------++-------
Melee: Short sword       |    23 |   157 |       ||   180
       Dagger            |       |   185 |   119 ||   304
 Abil: Evoke Thunderclou |       |     1 |       ||     1
  Use: Potion            |       |     2 |       ||     2
       Scroll            |       |       |     6 ||     6
 Stab: Sleeping          |     1 |    32 |    11 ||    44
       Distracted        |       |     1 |     1 ||     2
Armor: Robe              |     6 |    30 |    22 ||    58
Dodge: Dodged            |    28 |   233 |    88 ||   349
